 Dungeon Crawl Stone Soup version 0.27.0-1-g7a089689b8 (webtiles) character file.

Game seed: 11849604741202496957

28 rjrrt the Chopper (level 3, -6/31 HPs)
             Began as a Minotaur Monk on Aug 12, 2021.
             Mangled by an ogre (15 damage)
             ... on level 2 of the Dungeon.
             The game lasted 00:01:21 (1352 turns).

rjrrt the Chopper (Minotaur Monk)                   Turns: 1352, Time: 00:01:21

Health: -6/31      AC:  8    Str: 16    XL:     3   Next: 0%
Magic:  2/2        EV:  7    Int:  7    God:
Gold:   48         SH:  0    Dex: 12    Spells: 2/2 levels left

rFire    + . .     SeeInvis .   a - +0 hand axe
rCold    . . .     Faith    .   (no shield)
rNeg     . . .     Spirit   .   e - +0 chain mail
rPois    .         Reflect  .   (helmet restricted)
rElec    .         Harm     .   (no cloak)
rCorr    .         Rampage  .   (no gloves)
Will     .....                  (no boots)
Stlth    ..........             (no amulet)
HPRegen  0.10/turn              c - ring of protection from fire
MPRegen  0.08/turn              (no ring)

@: no status effects
A: horns 2, retaliatory headbutt
a: no special abilities


You were on level 2 of the Dungeon.
You visited 1 branch of the dungeon, and saw 2 of its levels.

You collected 48 gold pieces.

Inventory:

Hand Weapons
 a - a +0 hand axe (weapon)
Armour
 e - a +0 chain mail (worn)
Jewellery
 b - a ring of resist corrosion
 c - a ring of protection from fire (left hand)
Scrolls
 d - a scroll of teleportation {unknown}
 f - a scroll of enchant weapon {unknown}
 g - a scroll of immolation {unknown}
 i - a scroll of noise {unknown}
Potions
 h - a potion of berserk rage {unknown}


   Skills:
 - Level 3.6 Fighting
 + Level 5.1 Axes
 - Level 3.2 Dodging
 - Level 1.5 Stealth


You had 2 spell levels left.
You didn't know any spells.
Your spell library was empty.

Dungeon Overview and Level Annotations

Branches:
Dungeon (2/15)

Altars:


Innate Abilities, Weirdness & Mutations

You have a pair of horns on your head.
You reflexively headbutt those who attack you in melee.


Message History

Your experience leads to an increase in your attributes!
Increase (S)trength, (I)ntelligence, or (D)exterity?
You feel stronger.
You feel sick.
You feel sick.
You feel sick.
You feel sick.
You feel sick.
You feel sick.
You feel sick.
You are no longer poisoned.
HP restored.
You see here an adder corpse.
There is an open door here.
An ogre comes into view. It is wielding a +0 giant club.
The ogre shouts!
Sorry, you're not good enough to have a special ability.
Sorry, you're not good enough to have a special ability.
The ogre barely misses you.
You hit the ogre.
The ogre is lightly wounded.
Unknown command.
You hit the ogre.
The ogre is moderately wounded.
The ogre hits you with a +0 giant club!
Unknown command.
Your chain mail prevents you from hitting the ogre.
The ogre is moderately wounded.
The ogre barely misses you.
Unknown command.
You hit the ogre but do no damage.
You headbutt the ogre, but do no damage.
The ogre is moderately wounded.
The ogre hits you with a +0 giant club!
* * * LOW HITPOINT WARNING * * *
Unknown command.
You hit the ogre.
The ogre is moderately wounded.
The ogre hits you with a +0 giant club!
You die...

#..# #..##
####...####
.........#
#.......#
#.......#
#.......#
#...O...#
#...@†..#
#.......#
#.......#
#.......#
##'##..##
#.###.#
########
#.# #(#
.......#
#.# #.##
.......#
##.###..###


You could see an ogre.

Vanquished Creatures
  An adder (D:2)
  A worm (D:2)
  2 endoplasms (D:1)
  A giant cockroach (D:2)
  4 jackals (D:1)
  A quokka (D:1)
  2 ball pythons
  A bat (D:1)
  A kobold (D:1)
  3 rats (D:1)
17 creatures vanquished.

Notes
Turn   | Place    | Note
-------+----------+-------------------------------------------
     0 | D:1      | rjrrt the Minotaur Monk began the quest for the Orb.
     0 | D:1      | Reached XP level 1. HP: 19/19 MP: 0/0
   106 | D:1      | Reached skill level 4 in Axes
   163 | D:1      | Noticed a great orb of eyes
   164 | D:1      | Found a faded altar of an unknown god.
   167 | D:1      | Noticed a shining eye
   167 | D:1      | Noticed a shining eye
   167 | D:1      | Noticed a golden eye
   451 | D:1      | Reached XP level 2. HP: 26/26 MP: 1/1
  1164 | D:2      | Reached skill level 5 in Axes
  1164 | D:2      | Reached XP level 3. HP: 21/31 MP: 2/2
  1339 | D:2      | Noticed an ogre
  1352 | D:2      | Mangled by an ogre

Illustrated notes

Levels and vault maps discovered:
D:1:      wheals_arrival_linesprint, layout_basic,
          hellmonk_ecumenical_altar_watching_god
D:2:      layout_basic, basic_altar

Skill      XL: |  1  2 |
---------------+-------+-----
Axes           | 4 5 |  5.1
Fighting       | |  3.6
Dodging        | |  3.2
Stealth        | |  1.5

Action                   || total
-------------------------++-------
Melee: Hand axe          ||    52
       Headbutt          ||     5
Armor: Chain mail        ||    21
       Robe              ||     2
Dodge: Dodged            ||    22
